 Dungeon Crawl Stone Soup version 0.30.0-30-g96aa6591b8 (webtiles) character file.

Game seed: 2576471265802290308

47293 cheesebisquit the Warrior (level 14, -7/114 HPs)
             Began as a Djinni Air Elementalist on June 27, 2023.
             Was the Champion of Makhleb.
             Mangled by a death yak (26 damage)
             ... on level 4 of the Lair of Beasts.
             The game lasted 01:01:26 (18782 turns).

cheesebisquit the Warrior (DjAE)                   Turns: 18782, Time: 01:01:26

Health: -7/114     AC:  7    Str:  7    XL:     14   Next: 80%
Gold:   1272       EV: 14    Int: 27    God:    Makhleb [******] SH:  7 Dex: 15

rFire   + + .        G - +6 spear (vamp)
rCold   x . .        u - +2 buckler
rNeg    . . .        K - +0 troll leather armour
rPois   ∞            R - +0 helmet
rElec   .            (no cloak)
rCorr   .            F - +1 pair of gloves
SInv    +            (boots unavailable)
Will    +....        N - amulet of the acrobat
Stlth   ++           O - +6 ring of intelligence
HPRegen 1.19/turn    o - ring of see invisible
MPRegen 0.00/turn

%: acrobat, infuse magic (-8 HP)
@: flying
A: sickness immunity, fire resistance 2, cold vulnerability 1, float, innate
caster, HP casting, extra vitality 1
a: Renounce Religion, Minor Destruction, Lesser Servant of Makhleb, Major
Destruction, Greater Servant of Makhleb


You were on level 4 of the Lair of Beasts.
You worshipped Makhleb.
Makhleb was exalted by your worship.
You visited 3 branches of the dungeon, and saw 18 of its levels.
You also visited: Sewer.

You collected 1272 gold pieces.

Inventory:

Hand Weapons
 r - a +0 morningstar
 s - a +4 dagger of venom
 C - a +2 morningstar of freezing
 E - a +2 whip of electrocution
 G - a +6 vampiric spear (weapon)
Missiles
 g - 53 poisoned darts
 j - 9 javelins
 A - 3 curare-tipped darts
 D - 3 boomerangs
Armour
 f - the +1 leather armour "Nasoicui" {*Corrode Int+3}
   (You found it on level 6 of the Dungeon)

   Int:       It affects your intelligence (+3).
   *Corrode:  It may corrode you when you take damage.
 u - a +2 buckler (worn)
 F - a +1 pair of gloves (worn)
 I - +0 acid dragon scales
 K - a +0 troll leather armour (worn)
 Q - a +2 robe of resistance
 R - a +0 helmet (worn)
Jewellery
 e - a +4 ring of protection
 o - a ring of see invisible (right hand)
 N - an amulet of the acrobat (around neck)
 O - a +6 ring of intelligence (left hand)
 S - a ring of ice
Wands
 i - a wand of polymorph (9)
 v - a wand of roots (19)
 y - a wand of flame (15)
 J - a wand of paralysis (3)
Scrolls
 c - 2 scrolls of vulnerability
 d - 3 scrolls of fear
 m - 2 scrolls of poison
 n - 3 scrolls of teleportation
 p - a scroll of brand weapon
 w - a scroll of fog
 L - a scroll of silence
 P - a scroll of immolation {unknown}
 T - 2 scrolls of magic mapping
 V - a scroll of acquirement {unknown}
Potions
 a - 2 potions of cancellation
 b - a potion of berserk rage
 h - 5 potions of attraction
 k - 3 potions of mutation
 l - 6 potions of might
 q - a potion of flight
 t - 3 potions of lignification
 x - 3 potions of magic
 z - 2 potions of brilliance
 B - a potion of ambrosia
 H - 5 potions of curing
 M - a potion of haste
 U - a potion of resistance {unknown}


   Skills:
 + Level 15.2 Fighting
 + Level 8.1 Dodging
 - Level 1.5 Stealth
 - Level 5.0 Shields
 + Level 12.2 Spellcasting
 + Level 8.8 Invocations


You knew the following spells:

 Your Spells              Type           Power      Damage    Failure   Level
a - Shock                 Conj/Air       100%       1d9       1%          1
b - Static Discharge      Conj/Air       100%       2-7/arc   1%          2
c - Swiftness             Air            70%        N/A       1%          3
d - Airstrike             Air            35%        2d(5-21)  1%          4
e - Beastly Appendage     Tmut           100%       N/A       1%          1
f - Scorch                Fire           100%       2d9       1%          2
g - Dazzling Flash        Conj/Hex       100%       N/A       1%          3
h - Stone Arrow           Conj/Erth      100%       3d13      1%          3
i - Flame Wave            Conj/Fire      70%        2d16      1%          4
j - Silence               Hex/Air        35%        N/A       1%          5
Your spell library was empty.

Dungeon Overview and Level Annotations

Branches:
Dungeon (12/15)            Temple (1/1) D:7            Lair (5/5) D:9
  Swamp (0/4) Lair:3        Snake (0/4) Lair:2          Orc (0/2) D:12
  Sewer (visited)
  Slime: Lair:4-5

Altars:
Ashenzari
Cheibriados
Dithmenos
Elyvilon
Fedhas
Gozag
Hepliaklqana
Makhleb
Nemelex Xobeh
Okawaru
Qazlal
Ru
Trog
Uskayaw
Wu Jian
Xom
Yredelemnul
Zin
The Shining One

Shops:
D:11 (   D:12 (

Annotations:
D:11 3 runed translucent doors, SweetJohnnyV's ghost, journeyman MiBe
Lair:5 Urug


Innate Abilities, Weirdness & Mutations

You are immune to sickness and miasma.
You are immune to poison.
Your flesh is very heat resistant. (rF++)
You are vulnerable to cold. (rC-)
You float through the air rather than walking.
You learn spells naturally, not from books.
Your magical power is your life essence.
You have superior vitality. (+4 MHP)


Message History

The air twists around and strikes the death yak!
The death yak is lightly wounded.
Urug throws a silver javelin.
The silver javelin pierces through you!!
You fly upwards.
There is a stone staircase leading down here.
You start resting.
HP restored.
You fly downwards.
Level annotation: Urug You block the death yak's attack.
The death yak gores you. x2
The death yak gores you!
The death yak gores you but does no damage.
There is a stone staircase leading up here.
The death yak gores you!! You block the death yak's attack.
The death yak gores you but does no damage.
The death yak gores you! You block the death yak's attack.
You fly upwards.
There is a stone staircase leading down here.
Casting: Airstrike (mildly dangerous; 1% risk of failure)
Confirm with . or Enter, or press ? or * to list all spells.
Casting: Flame Wave (mildly dangerous; 1% risk of failure)
Press: ? - help, Dir - look around, f - activate A wave of flame ripples out!
The flame wave engulfs the death yak!
The death yak is lightly wounded.
The flame wave engulfs the death yak!
The death yak is lightly wounded.
The flame wave engulfs the death yak!!
The death yak is moderately wounded.
The flame wave engulfs the death yak!
The death yak is lightly wounded.
The flame wave engulfs the death yak!
The death yak is moderately wounded. (Press . to intensify the flame waves.)
The death yak gores you!!
* * * LOW HITPOINT WARNING * * *
The death yak gores you!
* * * LOW HITPOINT WARNING * * *
The death yak barely misses you. The death yak gores you!!
You die...

#....# ##......##
#...## ##........#
##.## ##......#..###
#.### ##.....####...###
##...# ######....###
#.....## #..###
#.#........# #....###
#..# ###.........#
##.#.... ...#
##.....YY....# ###..^.
...### ##P.....Y@Y...##
#....
##...###........Y....P#
##...
##..P.#.....#.........#
#P..#
.##...................#
##..##
.....................##
#P..##
.P........#P#......###
##..#
.........####....###
##..#
..######..#.##.#..#
##...#
#########..#.÷#####
##...##


You could see 5 death yaks.

Vanquished Creatures
  Josephine (Lair:4)
  2 hydras
  2 centaur warriors
  3 two-headed ogres
  Nergalle (D:12)
  Sonja (Lair:2)
  2 skysharks
  2 bog bodies (Lair:3)
  2 deep elf pyromancers (D:12)
  2 oklob plants
  A lindwurm (Lair:4)
  An ugly thing (D:12)
  10 elephants
  5 cane toads
  A black mamba (Lair:2)
  3 komodo dragons
  Maggie (D:10)
  6 trolls
  A polar bear (Lair:2)
  16 blink frogs
  6 slime creatures (D:12)
  Sigmund (D:5)
  A vampire (D:12)
  A shadow (D:11)
  5 wraiths
  62 yaks
  5 wyverns
  Grum (D:8)
  4 vampire mosquitoes
  A steam dragon (D:7)
  2 nagas (Lair:2)
  3 acid dragons
  8 water moccasins
  4 ice beasts
  2 black bears (D:4)
  6 orc warriors
  2 sky beasts
  24 wolves
  A boggart (D:9)
  13 centaurs
  6 kobold brigands
  A phantom (D:6)
  14 bullfrogs
  4 gnoll sergeants (D:8)
  4 earth elementals
  3 scorpions
  4 wights (D:8)
  10 killer bees
  6 howler monkeys
  13 hounds
  5 jellies
  10 orc priests
  3 gnoll boudas (D:8)
  A sleepcap (D:4)
  Natasha (thrice) (D:4)
  16 orc wizards
  3 adders
  20 gnolls
  A river rat (D:6)
  2 white imps
  2 ufetubi
  A worm (D:2)
  24 orcs
  4 ball pythons
  7 bats
  8 endoplasms
  4 giant cockroaches
  4 hobgoblins
  2 jackals (D:2)
  22 kobolds
  6 quokkas
  3 frilled lizards
  9 goblins
  8 rats
448 creatures vanquished.

Vanquished Creatures (collateral kills)
  5 elephants
  2 cane toads
  A komodo dragon (Lair:3)
  A blink frog (Lair:3)
  A wyvern (Lair:5)
  2 yaks
  A wolf (Lair:4)
  A bullfrog (Lair:3)
14 creatures vanquished.

Grand Total: 462 creatures vanquished

Notes
Turn   | Place    | Note
-------+----------+-------------------------------------------
     0 | D:1      | cheesebisquit the Djinni Air Elementalist began the quest
                  | for the Orb.
     0 | D:1      | cheesebisquit set off with the following spells memorised:
                  | Shock, Static Discharge, Swiftness, Airstrike.
     0 | D:1      | Reached XP level 1. HP: 15/15 MP: 0/0
   206 | D:1      | Reached skill level 1 in Fighting
   206 | D:1      | Reached XP level 2. HP: 19/22 MP: 0/0
   772 | D:2      | Found a burning altar of Makhleb.
   778 | D:2      | Became a worshipper of Makhleb the Destroyer
   914 | D:2      | Reached XP level 3. HP: 27/27 MP: 0/0
   914 | D:2      | Learned a level 1 spell: Beastly Appendage
  1263 | D:2      | Reached skill level 2 in Fighting
  2005 | D:3      | Reached XP level 4. HP: 28/33 MP: 0/0
  2066 | D:3      | Reached XP level 5. HP: 24/40 MP: 0/0
  2066 | D:3      | Learned a level 2 spell: Scorch
  2326 | D:3      | Reached skill level 3 in Fighting
  2352 | D:3      | Found an ornate altar of the Wu Jian Council.
  2567 | D:3      | Found a white marble altar of Elyvilon.
  2750 | D:4      | Noticed a centaur
  2762 | D:4      | Killed a centaur
  2763 | D:4      | Reached XP level 6. HP: 32/47 MP: 0/0
  2764 | D:4      | Reached skill level 4 in Fighting
  2842 | D:4      | Reached * piety under Makhleb
  2869 | D:4      | Reached XP level 7. HP: 19/53 MP: 0/0
  2869 | D:4      | Learned a level 3 spell: Dazzling Flash
  3125 | D:4      | Reached skill level 5 in Fighting
  3412 | D:4      | Noticed Natasha
  3417 | D:4      | Killed Natasha
  3426 | D:4      | Reached skill level 5 in Spellcasting
  3561 | D:4      | Noticed Natasha
  3567 | D:4      | Killed Natasha
  3998 | D:4      | Noticed Natasha
  4005 | D:4      | Killed Natasha
  4006 | D:4      | Reached XP level 8. HP: 50/60 MP: 0/0
  4190 | D:5      | Entered Level 5 of the Dungeon
  4402 | D:5      | Reached skill level 1 in Shields
  4584 | D:5      | Noticed Sigmund
  4654 | D:5      | Reached skill level 6 in Fighting
  5183 | D:6      | Identified the +1 leather armour "Nasoicui" {*Corrode
                  | Int+3}
  5210 | D:6      | Reached ** piety under Makhleb
  5301 | D:6      | Found a glowing drain.
  5421 | Sewer    | Entered a sewer
  5776 | Sewer    | Reached XP level 9. HP: 37/67 MP: 0/0
  5776 | Sewer    | Learned a level 3 spell: Stone Arrow
  6041 | D:6      | Reached skill level 7 in Fighting
  6240 | D:6      | Reached *** piety under Makhleb
  6296 | D:6      | Found a hide-covered altar of Uskayaw.
  6610 | D:5      | Killed Sigmund
  7077 | D:7      | Reached skill level 5 in Shields
  7286 | D:7      | Found a staircase to the Ecumenical Temple.
  7294 | Temple   | Entered the Ecumenical Temple
  7428 | D:7      | Reached skill level 8 in Fighting
  7546 | D:7      | You are sucked into a shaft and drop 2 floors!
  7750 | D:8      | Reached XP level 10. HP: 74/77 MP: 0/0
  7763 | D:8      | Reached skill level 9 in Fighting
  8184 | D:8      | Reached **** piety under Makhleb
  8329 | D:8      | Found a stormy altar of Qazlal.
  8983 | D:8      | Reached skill level 10 in Fighting
  9025 | D:8      | Found a glowing golden altar of the Shining One.
  9034 | D:8      | Found a broken altar of Ashenzari.
  9285 | D:8      | Noticed Grum
  9292 | D:8      | Killed Grum
  9760 | D:9      | Reached XP level 11. HP: 86/86 MP: 0/0
  9760 | D:9      | Learned a level 4 spell: Flame Wave
  9868 | D:9      | Found a staircase to the Lair.
 10160 | D:9      | Noticed a centaur warrior
 10166 | D:9      | Killed a centaur warrior
 10167 | D:9      | Reached skill level 11 in Fighting
 10837 | D:10     | Entered Level 10 of the Dungeon
 10845 | D:10     | Reached ***** piety under Makhleb
 10981 | D:10     | Noticed Maggie
 10984 | D:10     | Killed Maggie
 11502 | D:10     | Reached skill level 12 in Fighting
 11534 | D:10     | HP: 4/89 [vampire mosquito (8)]
 12455 | D:11     | Reached XP level 12. HP: 84/96 MP: 0/0
 12538 | D:11     | Noticed a two-headed ogre
 12541 | D:11     | Reached skill level 10 in Spellcasting
 12546 | D:11     | Killed a two-headed ogre
 12598 | D:11     | Noticed a two-headed ogre
 12602 | D:11     | Killed a two-headed ogre
 12818 | D:11     | Found Qimasol's Antique Weapon Shoppe.
 13031 | D:11     | Reached skill level 1 in Invocations
 13151 | D:11     | Found a runed translucent gate.
 13151 | D:11     | Found a runed translucent gate.
 13153 | D:11     | Found a runed translucent gate.
 13215 | D:11     | Noticed SweetJohnnyV's ghost (journeyman MiBe)
 13534 | D:10     | Reached skill level 13 in Fighting
 13695 | D:12     | Found Hasegiez's Weapon Emporium.
 13698 | D:12     | Noticed Nergalle
 13861 | D:12     | Noticed a centaur warrior
 13864 | D:12     | Killed a centaur warrior
 13893 | D:12     | Found a staircase to the Orcish Mines.
 13897 | D:12     | Noticed a two-headed ogre
 13899 | D:12     | Killed Nergalle
 13904 | D:12     | Killed a two-headed ogre
 14361 | D:12     | Reached XP level 13. HP: 100/103 MP: 0/0
 14361 | D:12     | Learned a level 5 spell: Silence
 14415 | D:12     | Reached skill level 5 in Invocations
 14706 | Lair:1   | Entered Level 1 of the Lair of Beasts
 14816 | Lair:1   | Reached ****** piety under Makhleb
 15081 | Lair:1   | Reached skill level 14 in Fighting
 15718 | Lair:2   | Reached skill level 5 in Dodging
 15821 | Lair:2   | Found a staircase to the Snake Pit.
 16171 | Lair:2   | Noticed Sonja
 16175 | Lair:2   | Killed Sonja
 16537 | Lair:3   | Reached XP level 14. HP: 109/112 MP: 0/0
 17205 | Lair:3   | Found a staircase to the Swamp.
 17216 | Lair:3   | Identified the +5 sling of the Middle {drain, rPois rF+
                  | Str+3}
 17455 | Lair:4   | Noticed Josephine
 17463 | Lair:4   | Killed Josephine
 17742 | Lair:4   | Reached skill level 15 in Fighting
 18595 | Lair:5   | Entered Level 5 of the Lair of Beasts
 18703 | Lair:5   | Noticed Urug
 18782 | Lair:4   | Mangled by a death yak

Illustrated notes

Levels and vault maps discovered:
D:1:      saegor_arrival_simple_e, layout_basic, kennysheep_nondescript,
          hangedman_decor_growths
D:2:      layout_loops_corners, basic_altar, kennysheep_cluttered_room
D:3:      layout_basic, gammafunk_temple_overflow_statue,
          nzn_wu_jian_contemplation, st_stairs_3, reono_crystal_passage
D:4:      cheibrodos_pilgrimage, layout_loops_ring,
          chequers_serial_rivers_micro_c, uniq_natasha
D:5:      layout_gridville, kennysheep_little_box, uniq_sigmund
D:6:      layout_cave_pools, nicolae_uskayaw_murder_on_the_dancefloor,
          gup_sewer_entry_bubbles
D:7:      layout_gridville, minmay_temple_entry_butterflies
D:8:      layout_cave_pools, jmf_multi_god_temple,
          mainiacjoe_overflow_surrounded_room, serial_gnoll_camp, grums_kennel,
          gnoll_camp_huts_basic, gnoll_camp_mini_hut, gnoll_camp_mini_sergeant,
          gnoll_camp_mini_house
D:9:      minmay_opposing_rooms, layout_loops_ring,
          grunt_lair_entry_orc_guard_hut, nicolae_elevator_lobby_asterisk
D:10:     minmay_stone_box, layout_cave_pools, st_stairs_2, uniq_maggie
D:11:     layout_irregular_city, serial_shops, shop, gammafunk_ghost_spectres
D:12:     layout_stronghold, orc_david_3, uniq_nergalle
Temple:   compressed_dpeg_circular_temple
Lair:1:   layout_regular_city
Lair:2:   layout_cellular_growth, guppyfry_snake_entry_garden, uniq_sonja
Lair:3:   layout_long_grid, skrybe_swamp_entry_bodies
Lair:4:   layout_cave_pods, minmay_lair_oklob_items, uniq_josephine
Lair:5:   hangedman_lair_caniforms_friends, layout_hall_layers, slime_entry_2,
          bobbens_dragon_lair_wall, uniq_urug

Skill      XL: |  1  2  3  4  5  6  7  8  9 10 11 12 13 14 |
---------------+-------------------------------------------+-----
Fighting       | 1 2 3 4 5 6 8 10 12 13 14 15 | 15.2
Spellcasting   | 3 4 5 6 8 9 10 11 12 | 12.2
Shields        | 3 5 |  5.0
Invocations    | 4 7 8 |  8.8
Dodging        | 5 8 |  8.1
Stealth        | |  1.5

Action                     |  1- 3 |  4- 6 |  7- 9 | 10-12 | 13-15 || total
---------------------------+-------+-------+-------+-------+-------++-------
  Melee: Unarmed           |       |     1 |       |       |       ||     1
         Spear             |       |       |       |     1 |    14 ||    15
   Cast: Shock             |    67 |    70 |   164 |    15 |       ||   316
         Static Discharge  |       |     6 |    19 |    24 |    21 ||    70
         Stone Arrow       |       |       |    41 |   172 |   156 ||   369
         Airstrike         |       |       |       |   171 |   187 ||   358
         Flame Wave        |       |       |       |     1 |     5 ||     6
 Invoke: Lesser Servant of |       |       |       |       |    11 ||    11
         Major Destruction |       |       |       |       |     3 ||     3
    Use: Scroll            |       |     8 |     9 |     9 |     6 ||    32
         Potion            |       |     2 |       |     3 |       ||     5
 Armour: Robe              |     3 |    11 |     4 |       |       ||    18
         Leather armour    |       |       |    12 |    18 |       ||    30
         Troll leather arm |       |       |       |     3 |    40 ||    43
  Dodge: Dodged            |    14 |     9 |    32 |    60 |    77 ||   192
  Block: Buckler           |       |       |    17 |    48 |    50 ||   115
